 Dungeon Crawl Stone Soup version 0.17.1-3-g152610e (webtiles) character file.

7177 Blunderbuss the Spear-Bearer (level 10, -1/99 HPs)
             Began as a Minotaur Chaos Knight on Mar 28, 2016.
             Slain by a six-headed hydra (10 damage)
             ... on level 1 of the Lair of Beasts.
             The game lasted 00:41:53 (8738 turns).

Blunderbuss the Spear-Bearer (MiCK)                 Turns: 8738, Time: 00:41:53

Health: -1/99      AC: 19    Str: 20    XL:     10   Next: 86%
Magic:  9/9        EV: 12    Int:  9    God:    Xom [....*.]
Gold:   697        SH:  0    Dex: 14    Spells: 0 memorised, 9 levels left

rFire  + . .     SeeInvis +     O - +1 quarterstaff (crush)
rCold  . . .     Clarity  +     n - +1 chain mail {rF+}
rNeg   + . .     SustAt   .     (shield currently unavailable)
rPois  +         Gourm    .     (helmet restricted)
rElec  .         Spirit   .     C - +0 cloak
rCorr  .         Warding  .     M - +0 pair of gloves
rMut   .         Stasis   .     N - +0 pair of boots (curse)
MR     .....                    (no amulet)
Stlth  ..........               g - ring of positive energy
                                e - ring of see invisible

@: not resistant to hostile enchantments, extremely unstealthy
A: retaliatory headbutt, horns 2, repulsion field 1, molten scales 1, agile 1,
clarity, poison resistance, robust 1, shaggy fur 1, strong 1
a: Renounce Religion


You were on level 1 of the Lair of Beasts.
You worshipped Xom.
You were a beloved toy of Xom.
You were not hungry.

You visited 2 branches of the dungeon, and saw 12 of its levels.
You also visited: Ossuary.

You collected 879 gold pieces.
You spent 182 gold pieces at shops.

Inventory:

Hand Weapons
 a - a +1 spear of chaos (quivered)
 h - a +2 quarterstaff of chaos
 O - a +1 quarterstaff of crushing (weapon)
Armour
 n - a +1 chain mail of fire resistance (worn)
 C - a +0 cloak (worn)
 M - a +0 pair of gloves (worn)
 N - a cursed +0 pair of boots (worn)
Rods
 K - a +0 rod of destruction (12/12)
   (You found it on level 8 of the Dungeon)
Jewellery
 e - a ring of see invisible (left hand)
 g - a ring of positive energy (right hand)
 s - an uncursed ring of sustain attributes
 t - an uncursed ring of magical power
 u - a +5 ring of evasion
 y - a cursed -3 ring of protection {unknown}
 A - the ring "Toeniben" {*Contam +Inv rC- Int+8 Stlth+}
   (You bought it in a shop on level 5 of the Dungeon)

   [ring of invisibility]

   It affects your intelligence (+8).
   It makes you vulnerable to cold.
   It lets you turn invisible.
   It causes magical contamination when unequipped.
   It makes you more stealthy.
 B - an uncursed ring of fire
 D - a cursed ring of teleportation
 H - an uncursed amulet of clarity {unknown}
 S - an uncursed ring of flight
Wands
 k - a wand of polymorph (14)
 v - a wand of slowing (26)
 z - a wand of confusion (37)
 L - a wand of lightning (1)
 Q - a wand of confusion (34)
 T - a wand of cold (2)
Scrolls
 d - 5 scrolls of remove curse
Potions
 f - 2 potions of cancellation
 i - 2 potions of agility {unknown}
 j - 3 potions of lignification {unknown}
 m - 3 potions of invisibility {unknown}
 o - 2 potions of flight {unknown}
 p - a potion of ambrosia {unknown}
 q - a potion of poison {unknown}
 r - 4 potions of haste {unknown}
 x - 2 potions of cure mutation
 F - 2 potions of might {unknown}
 I - a potion of degeneration {unknown}
 J - a potion of brilliance {unknown}
Comestibles
 c - 6 bread rations


   Skills:
 + Level 8.6 Fighting
 * Level 10.4(11.7) Polearms
 * Level 8.9(11.0) Staves
 + Level 10.1 Armour
 + Level 5.3 Dodging
 + Level 4.1 Stealth
 + Level 0.6 Evocations


You had 9 spell levels left.
You didn't know any spells.

Dungeon Overview and Level Annotations

Branches:
Dungeon (9/15)             Temple (0/1) D:4            Lair (3/8) D:9
  Swamp: Lair:3-6    Shoals: Lair:3-6     Snake: Lair:3-6    Spider: Lair:3-6
    Orc: D:9-12

Altars:
Cheibriados
Dithmenos
Okawaru
Qazlal

Shops:
D:5 *

Annotations:
Lair:3 Gastronok; riffraff's ghost, journeyman DsBe


Innate Abilities, Weirdness & Mutations

You reflexively headbutt those who attack you in melee.
You have a pair of horns on your head.
You are surrounded by a mild repulsion field (EV +2).
You are partially covered in molten scales (AC +1).
You are agile. (Dex +2)
You possess an exceptional clarity of mind.
Your system is resistant to poisons.
You are robust (+10% HP).
You are covered in fur (AC +1).
Your muscles are strong. (Str +2)


Message History

You detect creatures!
The komodo dragon barely misses you.
The area is suffused with divine lightning!
The blast of lightning engulfs you! You resist.
The blast of lightning engulfs the komodo dragon.
The komodo dragon dies!
Your divine protection wanes.
A six-headed hydra comes into view.
The six-headed hydra roars!
The six-headed hydra bites you but does no damage.
The six-headed hydra bites you.
* * * LOW HITPOINT WARNING * * *
The six-headed hydra bites you.
* * * LOW HITPOINT WARNING * * *
The six-headed hydra bites you but does no damage.
The six-headed hydra bites you.
* * * LOW HITPOINT WARNING * * *
The six-headed hydra bites you!
You die...
Xom guffaws!

### ### #### ####
###########.######.#####..####.#.
................@................
....####.........D..H..#.#######.
...## #...............### #. ...#
#.#.###+P.##+#..# #. ...#
#.#.....#.# .#.# ##. ...#
#.#.......# ..#.# #.. ...#
##.#.....#.#...#.. #P. ...#
#..#.......#...#.## ##. ...#
##.#.....#.#... .. #.


You could see a six-headed hydra and a minotaur.

Vanquished Creatures
  3 elephants (Lair:3)
  2 black mambas
  3 spiny frogs
  4 yaks
  A hippogriff (Lair:2)
  A water moccasin (Lair:3)
  3 wolves (Lair:2)
  3 phantoms
  A sky beast (D:8)
  An orc warrior (D:9)
  A necrophage (D:9)
  4 porcupines
  2 ice beasts
  2 centaurs
  2 ogres
  2 crocodiles
  5 giant frogs
  3 killer bees (D:9)
  3 wights (D:7)
  7 hounds
  3 crimson imps
  A quasit (D:8)
  A jelly (D:7)
  A giant frog zombie (D:8)
  Crazy Yiuf (D:5)
  5 iguanas
  6 orc wizards
  2 centaur skeletons
  9 worker ants
  Terence (D:2)
  2 giant frog skeletons (D:4)
  2 hound zombies
  A worker ant zombie (D:5)
  5 mummies (Ossuary)
  8 adders
  7 gnolls
  2 shadow imps
  3 oozes
  An adder zombie (D:6)
  2 worms
  23 orcs
  2 ball pythons (D:1)
  10 giant cockroaches
  4 goblins
  8 hobgoblins
  21 jackals
  11 kobolds
  3 quokkas
  A ball python skeleton (D:4)
  6 bats
  4 giant geckos
  5 giant newts
  A gnoll zombie (Ossuary)
  A hobgoblin zombie (Ossuary)
  A jackal skeleton (D:8)
  2 kobold zombies (Ossuary)
  3 orc zombies (Ossuary)
  A quokka skeleton (D:7)
  A quokka zombie (D:5)
  6 rats
230 creatures vanquished.

Vanquished Creatures (collateral kills)
  A crimson imp (D:7)
  3 mummies (Ossuary)
  An orc (D:6)
  2 jackals
  An orc zombie (Ossuary)
8 creatures vanquished.

Vanquished Creatures (others)
  A komodo dragon (Lair:1)
  An orc warrior (D:7)
  An orc priest (D:7)
  An orc wizard (D:6)
  A fungus (Lair:2)
  12 plants
17 creatures vanquished.

Grand Total: 255 creatures vanquished

Notes
Turn   | Place    | Note
--------------------------------------------------------------
     0 | D:1      | Blunderbuss the Minotaur Chaos Knight began the quest for the Orb.
     0 | D:1      | Reached XP level 1. HP: 19/19 MP: 0/0
    82 | D:1      | Reached skill level 4 in Polearms
    82 | D:1      | Reached XP level 2. HP: 18/27 MP: 1/1
   755 | D:2      | XOM: divination: magic mapping
   780 | D:2      | Reached XP level 3. HP: 29/33 MP: 2/2
   884 | D:2      | XOM: mild Trmt miscast
   931 | D:2      | Noticed Terence
   936 | D:2      | XOM: enchant monster (good)
   992 | D:2      | XOM: god gift: encrusted iron wand {god gift}
  1133 | D:2      | XOM: noise
  1158 | D:2      | Found an iron altar of Okawaru.
  1212 | D:2      | XOM: harmless Summ miscast
  1294 | D:2      | Killed Terence
  1294 | D:2      | Reached skill level 5 in Polearms
  1294 | D:2      | Reached XP level 4. HP: 26/41 MP: 3/3
  2091 | D:4      | XOM: harmless Tloc miscast
  2138 | D:4      | Found a sand-covered staircase.
  2143 | D:4      | XOM: silly message
  2147 | Ossuary  | Entered an ossuary
  2187 | Ossuary  | XOM: summons friendly iron imp
  2192 | Ossuary  | HP: 1/41 [mummy (14)]
  2206 | Ossuary  | Reached XP level 5. HP: 14/47 MP: 4/4
  2366 | Ossuary  | XOM: polymorph iron imp -> quasit
  2633 | Ossuary  | XOM: vitrification
  2662 | Ossuary  | XOM: severe Ice miscast
  2832 | D:4      | Found a stormy altar of Qazlal.
  2921 | D:4      | XOM: god gift: 48 gold pieces
  2953 | D:4      | Found a staircase to the Ecumenical Temple.
  2987 | D:4      | XOM: give mutations
  2987 | D:4      | Gained mutation: You are covered in fur (AC +1). [Xom's grace]
  2987 | D:4      | Gained mutation: Your system is resistant to poisons. [Xom's grace]
  2987 | D:4      | Gained mutation: You possess an exceptional clarity of mind. [Xom's grace]
  2987 | D:4      | Gained mutation: You are partially covered in molten scales (AC +1). [Xom's grace]
  3004 | D:4      | Reached skill level 6 in Polearms
  3044 | D:4      | XOM: confuse monster(s)
  3047 | D:4      | Reached XP level 6. HP: 32/55 MP: 5/5
  3080 | D:4      | XOM: swap monsters
  3085 | D:4      | Reached skill level 1 in Stealth
  3095 | D:4      | Reached skill level 5 in Fighting
  3273 | D:4      | XOM: mild Hex miscast
  3424 | D:5      | Entered Level 5 of the Dungeon
  3468 | D:5      | Reached XP level 7. HP: 46/61 MP: 6/6
  3564 | D:5      | Reached skill level 7 in Polearms
  3616 | D:5      | Found Wiloot's Assorted Antiques.
  3624 | D:5      | Bought a scroll of identify for 52 gold pieces
  3624 | D:5      | Bought a heavily runed marble ring for 130 gold pieces
  3626 | D:5      | Identified the ring "Toeniben" {*Contam +Inv rC- Int+8 Stlth+} (You bought it in a shop on level 5 of the Dungeon)
  3712 | D:5      | Found a glowing drain.
  3750 | D:5      | Reached skill level 5 in Armour
  3806 | D:5      | XOM: mild Hex miscast
  3877 | D:5      | Found a shadowy altar of Dithmenos.
  3980 | D:5      | XOM: harmless Pois miscast
  4114 | D:5      | Noticed Crazy Yiuf
  4127 | D:5      | Killed Crazy Yiuf
  4343 | D:6      | Got an encrusted shortbow
  4493 | D:6      | XOM: enchant monster (good)
  4493 | D:6      | XOM: smoke on damage
  4508 | D:6      | Reached XP level 8. HP: 42/70 MP: 7/7
  4523 | D:6      | XOM: colour smoke trail
  4568 | D:6      | XOM: noise
  4591 | D:6      | Reached skill level 8 in Polearms
  4639 | D:6      | Reached skill level 1 in Staves
  4718 | D:6      | XOM: mild Ice miscast
  4725 | D:6      | XOM: mild Divn miscast
  4844 | D:6      | XOM: harmless Air miscast
  4878 | D:6      | XOM: 8-stop teleportation journey
  5042 | D:6      | Found a snail-covered altar of Cheibriados.
  5082 | D:7      | XOM: noise
  5083 | D:7      | Identified the +2 shortbow of Abuse {venom, -Tele +Inv MP+9 Stlth+} (You found it on level 6 of the Dungeon)
  5112 | D:7      | XOM: confuse monster(s)
  5125 | D:7      | XOM: summons friendly iron imp
  5212 | D:7      | XOM: summons 7 friendly demons
  5380 | D:7      | XOM: divine lightning (protected)
  5407 | D:7      | XOM: harmless Fire miscast
  5424 | D:7      | Reached XP level 9. HP: 61/78 MP: 8/8
  5628 | D:7      | XOM: vitrification
  5857 | D:8      | XOM: smoke on damage
  5967 | D:8      | Reached skill level 5 in Staves
  6099 | D:8      | XOM: 3-stop teleportation journey
  6240 | D:8      | XOM: silly message
  6272 | D:8      | XOM: potion effect (brilliance)
  6284 | D:8      | Reached skill level 9 in Polearms
  6598 | D:9      | XOM: stealth player
  6717 | D:9      | Found a staircase to the Lair.
  7058 | D:9      | XOM: divination: detect creatures
  7149 | D:9      | XOM: scenery: 1 doors close
  7222 | Lair:1   | Entered Level 1 of the Lair of Beasts
  7272 | Lair:1   | Gained mutation: Your muscles are strong. (Str +2) [potion of mutation]
  7272 | Lair:1   | Gained mutation: You are robust (+10% HP). [potion of mutation]
  7272 | Lair:1   | Gained mutation: You are agile. (Dex +2) [potion of mutation]
  7294 | Lair:1   | Noticed a black mamba
  7298 | Lair:1   | XOM: cast spell 'Olgreb's Toxic Radiance'
  7304 | Lair:1   | Killed a black mamba
  7317 | Lair:1   | XOM: medium Pois miscast
  7586 | Lair:1   | XOM: 1-stop teleportation journey
  7598 | Lair:1   | XOM: god gift: 8 steel tomahawks
  7610 | Lair:2   | XOM: fog
  7620 | Lair:2   | XOM: cast spell 'Excruciating Wounds'
  7661 | Lair:2   | Reached XP level 10. HP: 64/94 MP: 9/9
  7673 | Lair:2   | XOM: polymorph crocodile -> boggart
  7691 | Lair:2   | XOM: summons friendly ufetubus
  7750 | Lair:2   | XOM: enchant monster (good)
  7991 | Lair:2   | XOM: 5-stop teleportation journey
  7999 | Lair:2   | Noticed a spiny frog
  8019 | Lair:2   | Killed a spiny frog
  8019 | Lair:2   | Reached skill level 10 in Polearms
  8019 | Lair:2   | Reached skill level 5 in Dodging
  8022 | Lair:3   | Noticed riffraff's ghost (journeyman DsBe)
  8034 | Lair:3   | XOM is BORED!
  8034 | Lair:3   | XOM: noise
  8036 | Lair:3   | Noticed Gastronok
  8039 | Lair:3   | XOM: harmless Pois miscast
  8041 | Lair:3   | Noticed a black mamba
  8047 | Lair:3   | XOM: potion effect (heal wounds)
  8061 | Lair:3   | XOM: snakes to sticks
  8072 | Lair:3   | Noticed an elephant
  8080 | Lair:3   | XOM: enchant monster (bad)
  8088 | Lair:3   | Killed an elephant
  8134 | Lair:3   | XOM: give mutation
  8134 | Lair:3   | Gained mutation: You are surrounded by a mild repulsion field (EV +2). [Xom's grace]
  8243 | Lair:3   | Noticed an elephant
  8243 | Lair:3   | XOM: summons friendly iron imp
  8247 | Lair:3   | XOM: enchant monster (good)
  8256 | Lair:3   | Killed an elephant
  8261 | Lair:3   | Noticed an elephant
  8271 | Lair:3   | Killed an elephant
  8293 | Lair:3   | Reached skill level 10 in Armour
  8429 | Lair:3   | XOM: cast spell 'Summon Butterflies'
  8434 | Lair:3   | Noticed a black mamba
  8451 | Lair:3   | Killed a black mamba
  8466 | Lair:2   | XOM: divination: magic mapping
  8467 | Lair:2   | HP: 4/99 [electric eel/bolt of electricity (12)]
  8681 | Lair:2   | XOM: confuse monster(s)
  8683 | Lair:1   | XOM: summons friendly white imp
  8686 | Lair:1   | XOM: destruction
  8691 | Lair:1   | Noticed a komodo dragon
  8702 | Lair:1   | Noticed a six-headed hydra
  8702 | Lair:1   | XOM: divination: detect items
  8708 | Lair:1   | Noticed a minotaur
  8708 | Lair:1   | a six-headed hydra changed into a minotaur
  8708 | Lair:1   | XOM: polymorph six-headed hydra -> minotaur
  8715 | Lair:1   | XOM: divination: detect creatures
  8725 | Lair:1   | Killed a komodo dragon
  8725 | Lair:1   | XOM: divine lightning (protected)
  8736 | Lair:1   | Noticed a six-headed hydra
  8738 | Lair:1   | Slain by a six-headed hydra

Action                   |  1- 3 |  4- 6 |  7- 9 | 10-12 || total
-------------------------+-------+-------+-------+-------++-------
Melee: Spear             |    98 |   179 |    82 |       ||   359
       Quarterstaff      |       |       |   342 |   135 ||   477
Evoke: Wand              |       |       |     4 |     2 ||     6
  Use: Potion            |     3 |     4 |     3 |     2 ||    12
       Scroll            |     3 |     8 |    15 |     4 ||    30
 Stab: Confused          |       |     1 |     2 |       ||     3
       Petrifying        |       |     1 |       |       ||     1
       Petrified         |       |     1 |       |       ||     1
       Paralysed         |       |       |     6 |     4 ||    10
       Sleeping          |       |       |     1 |       ||     1
       Distracted        |       |       |       |     1 ||     1
  Eat: Fruit             |     4 |       |       |       ||     4
       Pizza             |     1 |     1 |       |       ||     2
       Meat ration       |       |     1 |     2 |     1 ||     4
       Beef jerky        |       |       |     2 |       ||     2
